 Dungeon Crawl Stone Soup version 0.19.5 (webtiles) character file.

40932 tilp the Slicer (level 13, -5/119 HPs)
             Began as a Minotaur Berserker on Mar 26, 2017.
             Was the Champion of Trog.
             Slain by a wyvern (13 damage)
             ... on level 6 of the Lair of Beasts.
             The game lasted 01:20:06 (15227 turns).

tilp the Slicer (Minotaur Berserker)               Turns: 15227, Time: 01:20:07

Health: -5/119     AC: 26    Str: 25    XL:     13   Next: 77%
Magic:  12/12      EV: 10    Int:  4    God:    Trog [******]
Gold:   342        SH: 13    Dex: 16    Spells: 0 memorised, 12 levels left

rFire  . . .     SeeInvis .     I - +4 short sword (flame)
rCold  . . .     Gourm    .     d - +0 plate armour
rNeg   . . .     Faith    .     x - +0 shield
rPois  .         Spirit   .     X - +2 hat
rElec  .         Reflect  .     P - +0 cloak
rCorr  .         Harm     .     p - +0 pair of gloves
MR     .....                    (no boots)
Stlth  ..........               (no amulet)
                                r - +5 ring of protection
                                e - +4 ring of dexterity

@: no status effects
A: retaliatory headbutt, horns 2
a: Berserk, Trog's Hand, Brothers in Arms, Burn Spellbooks, Renounce Religion


You were on level 6 of the Lair of Beasts.
You worshipped Trog.
Trog was exalted by your worship.
You were not hungry.

You visited 3 branches of the dungeon, and saw 17 of its levels.

You collected 841 gold pieces.
You spent 499 gold pieces at shops.

Inventory:

Hand Weapons
 E - a +3 long sword of slicing
 I - a +4 short sword of flaming (weapon)
Missiles
 R - 6 tomahawks of returning (quivered)
Armour
 d - a +0 plate armour (worn)
 p - a +0 pair of gloves (worn)
 x - a +0 shield (worn)
 J - a +1 leather armour of poison resistance
 P - a +0 cloak (worn)
 X - a +2 hat (worn)
Jewellery
 e - a +4 ring of dexterity (left hand)
 g - an uncursed ring of resist corrosion
 r - a +5 ring of protection (right hand)
 D - an uncursed ring of see invisible
Wands
 c - a wand of polymorph (14/24)
 f - a wand of slowing (18/48)
 l - a wand of iceblast (7/15)
 t - a wand of hasting (1/9)
 z - a wand of polymorph (13/24)
 B - a wand of paralysis (9/24)
 K - a wand of confusion (18/48)
Scrolls
 i - 5 scrolls of identify
 k - 2 scrolls of teleportation
 m - 2 scrolls of fear
 o - 6 scrolls of remove curse
 v - a scroll of magic mapping
 y - 3 scrolls of fog
 A - 2 scrolls of blinking
 M - a scroll of summoning {unknown}
 Y - a scroll of holy word {unknown}
Potions
 a - a potion of mutation
 b - a potion of invisibility
 h - 6 potions of curing
 q - 4 potions of heal wounds
 s - a potion of might
 u - a potion of ambrosia {unknown}
 w - 3 potions of haste
 C - 3 potions of agility
 F - a potion of beneficial mutation {unknown}
 G - 3 potions of resistance
 H - a potion of lignification {unknown}
 N - 3 potions of flight
 Q - a potion of brilliance {unknown}
 T - a potion of berserk rage {unknown}
Comestibles
 j - 4 meat rations
 n - 7 chunks of flesh
 L - 9 beef jerkies
 S - 3 slices of pizza


   Skills:
 + Level 12.6 Fighting
 + Level 13.7(14.3) Short Blades
 + Level 7.8(12.3) Long Blades
 + Level 3.2 Throwing
 + Level 13.6 Armour
 + Level 4.8 Dodging
 + Level 2.4 Stealth
 + Level 12.1 Shields
 + Level 0.3 Evocations


You had 12 spell levels left.
You didn't know any spells.

Dungeon Overview and Level Annotations

Branches:
Dungeon (10/15)            Temple (1/1) D:6            Lair (6/6) D:9
  Swamp (0/4) Lair:2        Snake (0/4) Lair:4        Slime (0/5) Lair:5
    Orc: D:9-12

Altars:
Ashenzari
Cheibriados
Dithmenos
Elyvilon
Fedhas
Gozag
Hepliaklqana
Kikubaaqudgha
Makhleb
Nemelex Xobeh
Okawaru
Qazlal
Ru
Sif Muna
Trog
Uskayaw
Vehumet
Xom
Yredelemnul
Zin
The Shining One

Shops:
D:8 ?   D:9 }

Annotations:
Lair:2 exclusion: oklob plant


Innate Abilities, Weirdness & Mutations

You reflexively headbutt those who attack you in melee.
You have a pair of horns on your head.


Message History

You hit the black mamba. You burn the black mamba.
Your headbutt misses the black mamba.
The black mamba is severely wounded.
You puncture the black mamba! You burn the black mamba.
You kill the black mamba!
Trog accepts your kill. You block the wyvern's attack. The wyvern bites you!
* * * LOW HITPOINT WARNING * * *
You block the spiny frog's attack.
The wyvern bites you but does no damage.
A black mamba comes into view.
You see here a black mamba corpse.
The black mamba hisses angrily.
You hit the wyvern. You burn the wyvern. Your headbutt misses the wyvern.
The wyvern is lightly wounded.
You hit the wyvern. You burn the wyvern. Your headbutt misses the wyvern.
The wyvern is moderately wounded.
The wyvern bites you!
You die...

#### #..#
##..## #)...#
##....##
#......#
#.@....#
#.FPlP...#
#.P....P.#
.S...#....#
..#...##.#.##
# #### ####


You could see a black mamba, a spiny frog and a wyvern.

Vanquished Creatures
  Gastronok (Lair:1)
  Snorg (Lair:4)
  Harold (Lair:1)
  4 hydras
  Urug (Lair:3)
  A queen ant (Lair:3)
  The ghost of SkullSpatter the Grappler, a novice TrMo of Makhleb (D:8)
  The ghost of BunnyWarlock the Poker, a novice HOBe of Trog (D:7)
  A lindwurm (Lair:5)
  12 elephants
  5 black mambas
  10 spiny frogs
  4 komodo dragons
  A polar bear (Lair:4)
  6 blink frogs
  7 hippogriffs
  A hornet (D:9)
  2 raiju (Lair:6)
  31 yaks
  The ghost of PeterLawrence the Covered, an amateur MiFi (D:3)
  4 wyverns
  3 basilisks
  A hungry ghost (D:8)
  5 wargs (Lair:6)
  16 soldier ants (Lair:3)
  15 water moccasins
  2 swamp worms (Lair:2)
  3 hell hounds (Lair:6)
  20 porcupines
  9 black bears
  A sky beast (D:8)
  A hornet zombie (D:9)
  3 orc warriors
  An ice beast (D:8)
  A necrophage (D:6)
  4 ogres
  17 wolves
  A centaur (D:9)
  12 crocodiles
  A big kobold (D:7)
  8 bullfrogs
  2 scorpions
  7 wights
  2 howler monkeys
  2 crimson imps
  A bullfrog zombie (D:8)
  2 orc priests
  19 hounds
  A jelly (D:5)
  6 orc wizards
  Crazy Yiuf (D:6)
  2 bullfrog skeletons
  An iguana (D:8)
  Ijyb (D:2)
  2 hell rats (Lair:4)
  32 worker ants
  A hound zombie (D:7)
  3 hound skeletons
  2 worker ant zombies
  24 adders
  16 river rats
  4 shadow imps
  An ooze (D:3)
  An adder zombie (D:9)
  A dart slug (D:4)
  6 leopard geckos
  24 orcs
  7 ball pythons
  7 bats
  7 giant cockroaches
  7 goblins
  10 jackals
  6 quokkas
  3 frilled lizards (D:4)
  11 kobolds
  A leopard gecko skeleton (D:5)
  8 rats
  3 fungi
  7 plants (D:9)
461 creatures vanquished.

Vanquished Creatures (others)
  A bush (Lair:3)
  13 fungi
  31 plants
45 creatures vanquished.

Grand Total: 506 creatures vanquished

Notes
Turn   | Place    | Note
-------+----------+-------------------------------------------
     0 | D:1      | tilp the Minotaur Berserker began the quest for the Orb.
     0 | D:1      | Reached XP level 1. HP: 19/19 MP: 0/0
   185 | D:1      | Reached XP level 2. HP: 23/27 MP: 1/1
   649 | D:2      | Reached ** piety under Trog
   752 | D:2      | Reached XP level 3. HP: 32/33 MP: 2/2
  1045 | D:2      | Noticed Ijyb
  1052 | D:2      | Killed Ijyb
  1052 | D:2      | Reached skill level 1 in Stealth
  1052 | D:2      | Reached XP level 4. HP: 39/40 MP: 3/3
  1062 | D:2      | Reached skill level 5 in Long Blades
  1379 | D:3      | Noticed PeterLawrence's ghost (amateur MiFi)
  1398 | D:5      | Entered Level 5 of the Dungeon
  1598 | D:3      | Reached XP level 5. HP: 38/46 MP: 4/4
  1620 | D:3      | Reached *** piety under Trog
  2383 | D:3      | Killed PeterLawrence's ghost
  2383 | D:3      | Reached XP level 6. HP: 25/55 MP: 5/5
  2998 | D:4      | Reached skill level 5 in Fighting
  3427 | D:5      | Reached XP level 7. HP: 54/61 MP: 6/6
  3768 | D:5      | Reached **** piety under Trog
  3858 | D:6      | Reached skill level 1 in Short Blades
  4040 | D:6      | Reached skill level 5 in Armour
  4085 | D:6      | Found an opulent altar of Gozag.
  4195 | D:6      | Found a staircase to the Ecumenical Temple.
  4216 | Temple   | Entered the Ecumenical Temple
  4332 | D:6      | Got a brightly glowing mace
  4334 | D:6      | Identified the cursed +1 mace of Dorch {flame, +Fly} (You found it on level 6 of the Dungeon)
  4338 | D:6      | Found a runed door.
  4342 | D:6      | Noticed Crazy Yiuf
  4348 | D:6      | Killed Crazy Yiuf
  4659 | D:7      | Reached XP level 8. HP: 44/69 MP: 7/7
  4962 | D:7      | Received a gift from Trog
  4972 | D:7      | Reached skill level 5 in Short Blades
  5245 | D:7      | Noticed BunnyWarlock's ghost (novice HOBe)
  5261 | D:7      | Killed BunnyWarlock's ghost
  5261 | D:7      | Reached XP level 9. HP: 77/77 MP: 8/8
  5881 | D:8      | Reached skill level 1 in Throwing
  5884 | D:8      | Received a gift from Trog
  5997 | D:8      | Reached ***** piety under Trog
  6105 | D:8      | Noticed SkullSpatter's ghost (novice TrMo)
  6128 | D:8      | Killed SkullSpatter's ghost
  6128 | D:8      | Reached skill level 1 in Shields
  6128 | D:8      | Reached XP level 10. HP: 77/88 MP: 9/9
  6347 | D:8      | Found Kadar's Magic Scroll Boutique.
  6350 | D:8      | Bought a scroll of enchant weapon for 97 gold pieces
  6350 | D:8      | Bought a scroll of blinking for 97 gold pieces
  6350 | D:8      | Bought a scroll of remove curse for 39 gold pieces
  6350 | D:8      | Bought a scroll of identify for 26 gold pieces
  6350 | D:8      | Bought a scroll of identify for 26 gold pieces
  6350 | D:8      | Bought a scroll of enchant armour for 97 gold pieces
  6350 | D:8      | Bought a scroll of remove curse for 39 gold pieces
  6350 | D:8      | Bought 2 scrolls of remove curse for 78 gold pieces
  6489 | D:10     | Entered Level 10 of the Dungeon
  6489 | D:10     | Noticed a gargoyle
  6565 | D:9      | Reached skill level 10 in Short Blades
  7019 | D:9      | Found a staircase to the Lair.
  7221 | D:9      | Found an opulent altar of Gozag.
  7480 | D:9      | Reached XP level 11. HP: 96/97 MP: 10/10
  7573 | D:9      | Received a gift from Trog
  7632 | D:9      | Found Lidykh's Gadget Boutique.
  7768 | Lair:1   | Entered Level 1 of the Lair of Beasts
  7978 | Lair:1   | Reached skill level 10 in Armour
  8095 | Lair:1   | Noticed a five-headed hydra
  8102 | Lair:1   | Killed a five-headed hydra
  8102 | Lair:1   | Received a gift from Trog
  8102 | Lair:1   | Reached skill level 5 in Shields
  8365 | Lair:1   | Noticed Gastronok
  8399 | Lair:1   | Killed Gastronok
  8481 | Lair:1   | Noticed Harold
  8504 | Lair:1   | Killed Harold
  8504 | Lair:1   | Reached skill level 10 in Fighting
  9299 | Lair:2   | Noticed an oklob plant
  9430 | Lair:2   | Found a staircase to the Swamp.
  9849 | Lair:3   | Reached XP level 12. HP: 86/106 MP: 11/11
  9903 | Lair:3   | Noticed a queen ant
  9967 | Lair:3   | Killed a queen ant
 11014 | Lair:3   | Noticed Urug
 11035 | Lair:3   | Killed Urug
 11357 | Lair:3   | You fall through a shaft for 2 floors!
 11498 | Lair:5   | Noticed a four-headed hydra
 11511 | Lair:5   | Killed a four-headed hydra
 12276 | Lair:4   | Received a gift from Trog
 12277 | Lair:4   | Found a staircase to the Snake Pit.
 12318 | Lair:4   | Noticed Snorg
 12338 | Lair:4   | Killed Snorg
 12784 | Lair:4   | Noticed an eight-headed hydra
 12794 | Lair:4   | Killed an eight-headed hydra
 12794 | Lair:4   | Reached skill level 10 in Shields
 12794 | Lair:4   | Reached XP level 13. HP: 99/116 MP: 12/12
 14171 | Lair:5   | Found a staircase to the Slime Pits.
 14588 | Lair:6   | Entered Level 6 of the Lair of Beasts
 14635 | Lair:6   | Received a gift from Trog
 15154 | Lair:6   | Reached ****** piety under Trog
 15200 | Lair:6   | Received a gift from Trog
 15227 | Lair:6   | Slain by a wyvern

Skill      XL: |  1  2  3  4  5  6  7  8  9 10 11 12 13 |
---------------+----------------------------------------+-----
Long Blades    | 4 5 6 7 |  7.8
Fighting       | 4 5 6 8 9 10 11 12 | 12.6
Stealth        | 1 2 |  2.4
Dodging        | 3 4 |  4.8
Armour         | 3 4 5 6 8 9 11 12 13 | 13.6
Short Blades   | 3 6 9 11 12 13 | 13.7
Throwing       | 2 3 |  3.2
Shields        | 1 3 7 10 12 | 12.1
Evocations     | |  0.3

Action                   |  1- 3 |  4- 6 |  7- 9 | 10-12 | 13-15 || total
-------------------------+-------+-------+-------+-------+-------++-------
Melee: Falchion          |    69 |   130 |       |       |       ||   199
       Headbutt          |    11 |    30 |    70 |   328 |   155 ||   594
       Short sword       |       |    12 |   261 |  1046 |   496 ||  1815
Throw: Stone             |     2 |       |     6 |       |       ||     8
       Tomahawk          |       |       |     8 |    11 |       ||    19
Invok: Berserk           |       |     1 |     3 |     2 |       ||     6
       Burn Spellbooks   |       |       |     1 |       |       ||     1
Evoke: Wand              |       |     1 |       |       |       ||     1
  Use: Potion            |       |     5 |     4 |     1 |       ||    10
       Scroll            |       |     6 |     5 |    10 |     3 ||    24
 Stab: Sleeping          |     1 |     1 |       |       |       ||     2
  Eat: Chunk             |       |     8 |     7 |     8 |     2 ||    25
       Beef jerky        |       |     1 |     2 |       |       ||     3
       Pizza             |       |       |     1 |     1 |       ||     2
       Meat ration       |       |       |       |     3 |       ||     3
       Bread ration      |       |       |       |       |     1 ||     1
       Royal jelly       |       |       |       |       |     1 ||     1
Armor: Animal skin       |    20 |     4 |       |       |       ||    24
       Chain mail        |       |    49 |    55 |       |       ||   104
       Plate armour      |       |       |    36 |   329 |   223 ||   588
Dodge: Dodged            |    52 |    78 |    71 |   141 |   130 ||   472
Block: Shield            |       |       |    15 |   351 |   255 ||   621
       Rpst.: Falchion   |    17 |    23 |       |       |       ||    40
